 Seeded DCSS version 0.28-a0-1236-gb25a51b929 (webtiles) character file.

Game seed: 20211226 (custom seed)

66 flotson the Cudgeller (level 3, -5/28 HPs)
             Began as a Demonspawn Gladiator on Dec 26, 2021.
             Slain by Terence (11 damage)
             ... on level 2 of the Dungeon.
             The game lasted 00:03:43 (2718 turns).

flotson the Cudgeller (Demonspawn Gladiator)        Turns: 2718, Time: 00:03:44

Health: -5/28      AC:  6    Str: 16    XL:     3   Next: 96%
Magic:  3/3        EV:  7    Int:  9    God:
Gold:   4          SH: 11    Dex: 14    Spells: 2/2 levels left

rFire   . . .      SeeInvis .   a - +0 flail
rCold   . . .      Faith    .   e - +0 tower shield
rNeg    . . .      Spirit   .   k - +0 ring mail
rPois   .          Reflect  .   c - +0 helmet
rElec   .          Harm     .   (no cloak)
rCorr   .          Rampage  .   (no gloves)
Will    .....                   (no boots)
Stlth   +.........              (no amulet)
HPRegen 0.09/turn               (no ring)
MPRegen 0.08/turn               (no ring)

@: no status effects
A: claws 1
a: no special abilities


You were on level 2 of the Dungeon.
You visited 1 branch of the dungeon, and saw 2 of its levels.

You collected 4 gold pieces.

Inventory:

Hand Weapons
 a - a +0 flail (weapon)
Missiles
 d - 3 throwing nets
 i - 6 poisoned darts (quivered)
Armour
 c - a +0 helmet (worn)
 e - a +0 tower shield (worn)
 k - a +0 ring mail (worn)
Scrolls
 b - a scroll of torment {unknown}
 f - a scroll of enchant weapon {unknown}
 j - a scroll of teleportation {unknown}
Potions
 h - a potion of might {unknown}
 l - a potion of haste {unknown}
 m - a potion of degeneration {unknown}


   Skills:
 + Level 2.4 Fighting
 + Level 3.1 Maces & Flails
 + Level 2.2 Throwing
 + Level 1.1 Armour
 + Level 3.0 Dodging
 + Level 1.1 Shields


You had 2 spell levels left.
You didn't know any spells.
Your spell library contained the following spells:

 Spells                   Type           Power      Damage    Failure   Level
 Beastly Appendage        Tmut           0%         N/A       100%        1
 Wereblood                Tmut           0%         N/A       100%        2
 Spider Form              Tmut/Pois      0%         N/A       100%        3


Dungeon Overview and Level Annotations

Branches:
Dungeon (2/15)

Altars:

Annotations:
D:2 Robin, Terence


Innate Abilities, Weirdness & Mutations

You have sharp fingernails.


Message History

Terence the Incautious comes into view.
He is wielding a +2 mace of holy wrath.
Terence shouts!
Throw: 8 darts (poison)
Press: ? - help, Q - select action, (/) - cycle Shift-Dir - straight line, f - Terence
Aim: Terence, wielding a +2 mace of holy wrath and wearing a +0 chain mail (68% to hit)
You throw a poisoned dart. The poisoned dart hits Terence.
Terence is poisoned.
Throw: 7 darts (poison)
Press: ? - help, Q - select action, (/) - cycle Shift-Dir - straight line, f/p - Terence
Aim: Terence, wielding a +2 mace of holy wrath and wearing a +0 chain mail (lightly wounded, poisoned, 67% to hit)
You throw a poisoned dart. The poisoned dart hits Terence.
Terence looks even sicker.
Terence is lightly wounded.
You hit Terence.
Terence is lightly wounded.
You block Terence's attack.
You completely miss Terence.
Terence is moderately wounded.
Terence drinks a potion.
Terence is healed!
You block Terence's attack.
You hit Terence but do no damage. You block Terence's attack. x2
You sock Terence!
Terence is heavily wounded.
You block Terence's attack. x2
You barely miss Terence.
Terence is severely wounded.
You block Terence's attack.
Your shield prevents you from hitting Terence.
Terence is severely wounded.
Terence looks more healthy.
You block Terence's attack. Terence screams, "I want your blood!"
Terence hits you with a +2 mace of holy wrath.
You convulse!
You closely miss Terence.
Terence is severely wounded.
You block Terence's attack. Terence closely misses you.
You hit Terence but do no damage.
Terence is severely wounded.
Terence hits you with a +2 mace of holy wrath!
* * * LOW HITPOINT WARNING * * *
You convulse!
You die...

#.# ... ##### #(# #### #<..# #(#
... #.#.# #.#..#### # #.#.#
#.#...... . #.#.# #@.......
########.#.#####@.......
..........)............. ##
########.#.............# .# #.
#.#.............' #.#.#.
#.#.............#####.#.#
#.#.............. ..#.#.#
#######.#......######## #.#.#.#
...............>....#####.#'#.#
########...#########....)..g...#


You could see Terence.

Vanquished Creatures
  2 adders (D:2)
  2 worms (D:2)
  A dart slug (D:2)
  4 endoplasms
  2 giant cockroaches
  8 goblins
  4 hobgoblins
  4 jackals
  4 kobolds
  A quokka (D:2)
  2 bats
  3 frilled lizards
37 creatures vanquished.

Notes
Turn   | Place    | Note
-------+----------+-------------------------------------------
     0 | D:1      | flotson the Demonspawn Gladiator began the quest for the
                  | Orb.
     0 | D:1      | Reached XP level 1. HP: 16/16 MP: 1/1
   451 | D:1      | Gained mutation: You have sharp fingernails. [demonic
                  | ancestry]
   451 | D:1      | Reached XP level 2. HP: 18/22 MP: 2/2
  1139 | D:2      | Noticed Robin
  1336 | D:2      | Reached XP level 3. HP: 27/27 MP: 3/3
  1877 | D:2      | Reached skill level 1 in Shields
  1902 | D:2      | Reached skill level 1 in Armour
  2706 | D:2      | Noticed Terence
  2718 | D:2      | Slain by Terence

Illustrated notes

Levels and vault maps discovered:
D:1:      scummos_arrival_simple_fountains, layout_basic
D:2:      layout_basic, uniq_natasha, uniq_robin, uniq_terence

Skill      XL: |  1  2  3 |
---------------+----------+-----
Throwing       | 2 |  2.2
Maces & Flails | 3 |  3.1
Shields        | 1 |  1.1
Armour         | 1 |  1.1
Dodging        | 3 |  3.0
Fighting       | |  2.4

Action                   || total
-------------------------++-------
Melee: Flail             ||   159
Throw: Dart              ||     7
  Use: Potion            ||     2
Armor: Leather armour    ||     9
       Ring mail         ||    70
       Skin              ||    14
Dodge: Dodged            ||    45
Block: Tower shield      ||   129

Table legend: (Time is in decaauts)
 A = Elapsed time spent in this place.
 B = Non-inter-level travel time spent in this place.
 C = Inter-level travel time spent in this place.
 D = Time resting spent in this place.
 E = Time spent auto-exploring this place.
 F = Levels seen in this place.
 G = Mean time per level.
                   A        B        C        D        E       F      G
               +--------+--------+--------+--------+--------+-----+--------+
         Total |   2838 |   2719 |    119 |    407 |   1772 |   2 | 1419.0 |
       Dungeon |   2838 |   2719 |    119 |    407 |   1772 |   2 | 1419.0 |
               +--------+--------+--------+--------+--------+-----+--------+

Top non-repeatable levels by time:
     D:2: 1490 daAuts
     D:1: 1348 daAuts
